APP
OGDEN RAPTORS @ PHILADELPHIA (APP) PHILLIES
10/17/2048
 
TOP OF THE 1ST
San Francisco (APP) Giants batting - Pitching for Miami (APP) Marlins : RHP Cesar Guerrero
Pitching: RHP Cesar Guerrero
Batting: LHB Wilson Ayala 0-0: Swinging Strike
0-1: Bunted foul
0-2: Ball
1-2: Fly out, F9 (Flyball, 9, EV 83.8 MPH)
Batting: LHB A.J. Paine 0-0: Ground out U3 (Groundball, 3, EV 90.0 MPH)
Batting: RHB Bobby Arteaga 0-0: Called Strike
0-1: Called Strike
0-2: Strikes out swinging
Top of the 1st over - 0 runs, 0 hits, 0 errors, 0 left on base; San Francisco (APP) 0 - Miami (APP) 0
BOTTOM OF THE 1ST
Miami (APP) Marlins batting - Pitching for San Francisco (APP) Giants : LHP Jesse Hulse
Pitching: LHP Jesse Hulse
Batting: RHB Lu Tieh 0-0: Called Strike
0-1: Ball
1-1: SINGLE (Flyball, 78S, EV 83.8 MPH)
Batting: RHB Ben Jezak 0-0: Ball
Lu Tieh steals 2nd base
1-0: Fly out, F9 (Flyball, 9LM, EV 98.1 MPH)
Runner from 2nd tags up, SAFE at 3rd, no throw by RF
Batting: SHB Matt Altieri 0-0: Called Strike
0-1: Hit by Pitch
Batting: RHB Kurt Wagner 0-0: Swinging Strike
0-1: Ball
1-1: Fielders Choice at 2nd, 6-4 (Groundball, 6, EV 94.4 MPH)
Lu Tieh scores
Batting: LHB Tom Wleklinski 0-0: Ball
Kurt Wagner steals 2nd, throwing error, E2
Kurt Wagner to third
1-0: Foul Ball, location: 2F
1-1: DOUBLE (Flyball, 89XD, EV 98.1 MPH)
Kurt Wagner scores
Batting: RHB Nate Stephenson 0-0: Foul Ball, location: 2F
0-1: Foul Ball, location: 2F
0-2: Ball
1-2: Ball
2-2: Foul Ball, location: 2F
2-2: Ground out 5-3 (Groundball, 56, EV 77.5 MPH)
Bottom of the 1st over - 2 runs, 2 hits, 1 error, 1 left on base; San Francisco (APP) 0 - Miami (APP) 2
TOP OF THE 2ND
San Francisco (APP) Giants batting - Pitching for Miami (APP) Marlins : RHP Cesar Guerrero
Batting: RHB Nate Stio 0-0: Called Strike
0-1: Ball
1-1: Ball
2-1: Foul Ball, location: 2F
2-2: Foul Ball, location: 2F
2-2: Ball
3-2: Strikes out looking
Batting: RHB Gregorio Contreras 0-0: Ball
1-0: Ball
2-0: Ball
3-0: Called Strike
3-1: Base on Balls
Batting: RHB Luis Andrade 0-0: Ball
1-0: Foul Ball, location: 2F
1-1: Ball
2-1: Fielders Choice at 2nd, 1-6 (Groundball, 34S, EV 83.1 MPH)
Batting: RHB Steve Crandall 0-0: Swinging Strike
0-1: Ball
1-1: Fly out, F8 (Flyball, 8RXD, EV 101.3 MPH)
Top of the 2nd over - 0 runs, 0 hits, 0 errors, 1 left on base; San Francisco (APP) 0 - Miami (APP) 2
BOTTOM OF THE 2ND
Miami (APP) Marlins batting - Pitching for San Francisco (APP) Giants : LHP Jesse Hulse
Batting: LHB D.J. White 0-0: Called Strike
0-1: Ground out U3 (Groundball, 3, EV 83.8 MPH)
Batting: RHB Mario Navarro 0-0: Called Strike
0-1: Ball
1-1: Swinging Strike
1-2: Ball
2-2: Ground out 5-3 (Groundball, 56S, EV 65.6 MPH)
Batting: RHB Cesar Guerrero 0-0: Called Strike
0-1: SINGLE (Groundball, 56D, EV 103.1 MPH)
Batting: RHB Lu Tieh 0-0: Hit by Pitch
Cesar Guerrero to second
Batting: RHB Ben Jezak 0-0: Swinging Strike
0-1: Ball
1-1: DOUBLE (Line Drive, 8RXD, EV 104.4 MPH)
Cesar Guerrero scores
Lu Tieh to third
Runner from 3rd tries for Home, SAFE, no throw by CF
Batting: SHB Matt Altieri 0-0: Ball
1-0: Swinging Strike
1-1: Ball
2-1: Ground out 5-3 (Groundball, 56S, EV 90.0 MPH)
Bottom of the 2nd over - 2 runs, 2 hits, 0 errors, 1 left on base; San Francisco (APP) 0 - Miami (APP) 4
TOP OF THE 3RD
San Francisco (APP) Giants batting - Pitching for Miami (APP) Marlins : RHP Cesar Guerrero
Batting: RHB Luis Herrera 0-0: SINGLE (Line Drive, 8RS, EV 90.0 MPH)
Batting: LHB Jesse Hulse 0-0: Ball
1-0: Bunt missed!
1-1: Sac Bunt to P - play at first, batter OUT! 1-4
Luis Herrera to second
Batting: LHB Wilson Ayala 0-0: Ball
1-0: Called Strike
1-1: Foul Ball, location: 2F
1-2: Fly out, F7 (Flyball, 7D, EV 88.1 MPH)
Runner from 2nd tags up, SAFE at 3rd with throw by LF
Batting: LHB A.J. Paine 0-0: Called Strike
0-1: Ball
1-1: SINGLE (Line Drive, 4D, EV 97.5 MPH)
Luis Herrera scores
Batting: RHB Bobby Arteaga 0-0: Foul Ball, location: 2F
0-1: Swinging Strike
0-2: Ball
1-2: Ball
Pickoff Throw by Catcher to First - Out!
Top of the 3rd over - 1 run, 2 hits, 0 errors, 0 left on base; San Francisco (APP) 1 - Miami (APP) 4
BOTTOM OF THE 3RD
Miami (APP) Marlins batting - Pitching for San Francisco (APP) Giants : LHP Jesse Hulse
Batting: RHB Kurt Wagner 0-0: Ball
1-0: Foul Ball, location: 2F
1-1: Foul Ball, location: 2F
1-2: Foul Ball, location: 2F
1-2: Foul Ball, location: 2F
1-2: Ball
2-2: Ball
3-2: SINGLE (Groundball, 6M, EV 98.1 MPH) (infield hit)
Batting: LHB Tom Wleklinski 0-0: Hit by Pitch
Kurt Wagner to second
Batting: RHB Nate Stephenson 0-0: Ball
1-0: Foul Ball, location: 2F
1-1: Called Strike
1-2: Ball
Passed Ball!
Kurt Wagner to third
Tom Wleklinski to second
2-2: Strikes out swinging
Batting: LHB D.J. White 0-0: Fly out, F8 (Flyball, 78D, EV 106.9 MPH)
Runner from 3rd tags up, SCORES, no throw by CF
Batting: RHB Mario Navarro 0-0: Intentional Walk
Batting: RHB Cesar Guerrero 0-0: Called Strike
0-1: Swinging Strike
0-2: SINGLE (Groundball, 56, EV 96.3 MPH) (infield hit)
Tom Wleklinski to third
Mario Navarro to second
Pitching: RHP Ben Haddix
Batting: RHB Lu Tieh 0-0: SINGLE (Line Drive, 78S, EV 110.0 MPH)
Tom Wleklinski scores
Mario Navarro to third
Cesar Guerrero to second
Runner from 3rd tries for Home, SAFE, throw by LF to home
Batting: RHB Ben Jezak 0-0: Ball
1-0: Foul Ball, location: 2F
1-1: Ball
2-1: Foul Ball, location: 2F
2-2: Fly out, F9 (Flyball, 89XD, EV 88.1 MPH)
Bottom of the 3rd over - 3 runs, 3 hits, 0 errors, 2 left on base; San Francisco (APP) 1 - Miami (APP) 7
TOP OF THE 4TH
San Francisco (APP) Giants batting - Pitching for Miami (APP) Marlins : RHP Cesar Guerrero
Batting: RHB Bobby Arteaga 0-0: Ball
1-0: Swinging Strike
1-1: Called Strike
1-2: Foul Ball, location: 2F
1-2: Foul Ball, location: 2F
1-2: Ball
2-2: DOUBLE (Groundball, 5L, EV 102.5 MPH)
Batting: RHB Nate Stio 0-0: Ball
1-0: Fly out, F7 (Flyball, 78D, EV 91.3 MPH)
Runner from 2nd tags up, SAFE at 3rd with throw by LF
Batting: RHB Gregorio Contreras 0-0: Foul Ball, location: 2F
0-1: Ball
1-1: 2-RUN HOME RUN (Flyball, 7D, EV 106.3 MPH), Distance : 373 ft
Batting: RHB Luis Andrade 0-0: Called Strike
0-1: Ball
1-1: Swinging Strike
1-2: Ball
2-2: Foul Ball, location: 2F
2-2: Reached on error, E5 (Groundball, 56S, EV 67.5 MPH)
Batting: RHB Steve Crandall 0-0: Ball
1-0: Ball
2-0: Called Strike
2-1: Grounds into double play, 6-4-3 (Groundball, 6, EV 84.4 MPH)
Top of the 4th over - 2 runs, 2 hits, 1 error, 0 left on base; San Francisco (APP) 3 - Miami (APP) 7
BOTTOM OF THE 4TH
Miami (APP) Marlins batting - Pitching for San Francisco (APP) Giants : RHP Ben Haddix
Batting: SHB Matt Altieri 0-0: Called Strike
0-1: TRIPLE (Flyball, 89XD, EV 96.3 MPH)
Batting: RHB Kurt Wagner 0-0: Called Strike
0-1: Ball
1-1: Foul Ball, location: 2F
1-2: Ball
2-2: Ball
3-2: Foul Ball, location: 2F
3-2: SINGLE (Groundball, 6, EV 100.0 MPH) (infield hit)
Matt Altieri scores
Batting: LHB Tom Wleklinski 0-0: Ball
1-0: Fielders Choice at 2nd, 4-6 (Groundball, 34, EV 100.6 MPH)
Batting: RHB Nate Stephenson 0-0: Called Strike
0-1: DOUBLE (Line Drive, 78D, EV 104.4 MPH)
Tom Wleklinski to third
Batting: LHB D.J. White 0-0: Foul Ball, location: 2F
0-1: Foul Ball, location: 2F
0-2: Ball
1-2: SINGLE (Line Drive, 6M, EV 100.0 MPH)
Tom Wleklinski scores
Nate Stephenson to third
Batting: RHB Mario Navarro 0-0: Called Strike
0-1: Ball
1-1: Called Strike
1-2: Ball
D.J. White steals 2nd base
2-2: Strikes out looking
Batting: RHB Cesar Guerrero 0-0: Ball
1-0: Foul Ball, location: 2F
1-1: Ground out 5-3 (Groundball, 5S, EV 68.1 MPH)
Bottom of the 4th over - 2 runs, 4 hits, 0 errors, 2 left on base; San Francisco (APP) 3 - Miami (APP) 9
TOP OF THE 5TH
San Francisco (APP) Giants batting - Pitching for Miami (APP) Marlins : RHP Cesar Guerrero
Batting: RHB Luis Herrera 0-0: Ball
1-0: Fly out, F8 (Line Drive, 8RM, EV 98.8 MPH)
Batting: LHB Ben Haddix 0-0: Called Strike
0-1: Swinging Strike
0-2: Strikes out swinging
Batting: LHB Wilson Ayala 0-0: Called Strike
0-1: Foul Ball, location: 2F
0-2: Ball
1-2: Strikes out swinging
Top of the 5th over - 0 runs, 0 hits, 0 errors, 0 left on base; San Francisco (APP) 3 - Miami (APP) 9
BOTTOM OF THE 5TH
Miami (APP) Marlins batting - Pitching for San Francisco (APP) Giants : RHP Ben Haddix
Batting: RHB Lu Tieh 0-0: Called Strike
0-1: Fly out, F8 (Flyball, 8LS, EV 88.8 MPH)
Batting: RHB Ben Jezak 0-0: Ball
1-0: Ball
2-0: Called Strike
2-1: Ball
3-1: Ground out 5-3 (Groundball, 56S, EV 67.5 MPH)
Pitching: RHP Chris Murphy
Batting: SHB Matt Altieri 0-0: Ball
1-0: Called Strike
1-1: Ball
2-1: Called Strike
2-2: Strikes out looking
Bottom of the 5th over - 0 runs, 0 hits, 0 errors, 0 left on base; San Francisco (APP) 3 - Miami (APP) 9
TOP OF THE 6TH
San Francisco (APP) Giants batting - Pitching for Miami (APP) Marlins : RHP Cesar Guerrero
Batting: LHB A.J. Paine 0-0: SINGLE (Groundball, 4MD, EV 109.4 MPH)
Batting: RHB Bobby Arteaga 0-0: Foul Ball, location: 2F
0-1: Ball
1-1: Fly out, F8 (Line Drive, 8LD, EV 91.9 MPH)
Batting: RHB Nate Stio 0-0: Foul Ball, location: 2F
0-1: Ball
1-1: Ball
2-1: Fly out, F8 (Flyball, 89D, EV 111.3 MPH)
Batting: RHB Gregorio Contreras 0-0: Ball
1-0: Ground out 5-3 (Groundball, 56S, EV 76.3 MPH)
Top of the 6th over - 0 runs, 1 hit, 0 errors, 1 left on base; San Francisco (APP) 3 - Miami (APP) 9
BOTTOM OF THE 6TH
Miami (APP) Marlins batting - Pitching for San Francisco (APP) Giants : RHP Chris Murphy
Batting: RHB Kurt Wagner 0-0: Called Strike
0-1: Ball
1-1: Fly out, F9 (Flyball, 9S, EV 86.9 MPH)
Batting: LHB Tom Wleklinski 0-0: Ball
1-0: Swinging Strike
1-1: Ground out 4-3 (Groundball, 4D, EV 100.6 MPH)
Batting: RHB Nate Stephenson 0-0: Ground out 4-3 (Groundball, 4, EV 90.0 MPH)
Bottom of the 6th over - 0 runs, 0 hits, 0 errors, 0 left on base; San Francisco (APP) 3 - Miami (APP) 9
TOP OF THE 7TH
San Francisco (APP) Giants batting - Pitching for Miami (APP) Marlins : RHP Cesar Guerrero
Batting: RHB Luis Andrade 0-0: Fly out, F8 (Flyball, 8LD, EV 78.1 MPH)
Batting: RHB Steve Crandall 0-0: Called Strike
0-1: Ball
1-1: Ball
2-1: Ball
3-1: Base on Balls
Batting: RHB Luis Herrera 0-0: Ball
1-0: Foul Ball, location: 2F
1-1: Ball
2-1: Foul Ball, location: 2F
2-2: Strikes out swinging
Batting: RHB Chris Murphy 0-0: Swinging Strike
0-1: Ground out U3 (Groundball, 34S, EV 75.0 MPH)
Top of the 7th over - 0 runs, 0 hits, 0 errors, 1 left on base; San Francisco (APP) 3 - Miami (APP) 9
BOTTOM OF THE 7TH
Miami (APP) Marlins batting - Pitching for San Francisco (APP) Giants : RHP Chris Murphy
Batting: LHB D.J. White 0-0: Called Strike
0-1: Foul Ball, location: 2F
0-2: Ball
1-2: Foul Ball, location: 2F
1-2: Strikes out swinging
Batting: RHB Mario Navarro 0-0: Called Strike
0-1: Fly out, F8 (Flyball, 89XD, EV 91.3 MPH)
Batting: RHB Cesar Guerrero 0-0: Ball
1-0: Ground out 6-3 (Groundball, 6, EV 108.8 MPH)
Bottom of the 7th over - 0 runs, 0 hits, 0 errors, 0 left on base; San Francisco (APP) 3 - Miami (APP) 9
TOP OF THE 8TH
San Francisco (APP) Giants batting - Pitching for Miami (APP) Marlins : RHP Cesar Guerrero
Batting: LHB Wilson Ayala 0-0: Ball
1-0: Called Strike
1-1: Foul Ball, location: 2F
1-2: Strikes out swinging
Batting: LHB A.J. Paine 0-0: Called Strike
0-1: Ball
1-1: Fly out, F7 (Flyball, 78D, EV 90.6 MPH)
Batting: RHB Bobby Arteaga 0-0: Ball
1-0: Ball
2-0: Called Strike
2-1: Ball
3-1: Foul Ball, location: 2F
3-2: Base on Balls
Pitching: RHP Tim Mills
Batting: RHB Nate Stio 0-0: Fly out, F7 (Flyball, 7, EV 79.4 MPH)
Top of the 8th over - 0 runs, 0 hits, 0 errors, 1 left on base; San Francisco (APP) 3 - Miami (APP) 9
BOTTOM OF THE 8TH
Miami (APP) Marlins batting - Pitching for San Francisco (APP) Giants : RHP Chris Murphy
Pitching: RHP Nick Wood
Batting: RHB Lu Tieh 0-0: Called Strike
0-1: Swinging Strike
0-2: Ground out 5-3 (Groundball, 56, EV 84.4 MPH)
Batting: RHB Ben Jezak 0-0: Called Strike
0-1: Called Strike
0-2: Ground out 6-3 (Groundball, 56, EV 103.8 MPH)
Batting: SHB Matt Altieri 0-0: Hit by Pitch
Batting: RHB Kurt Wagner 0-0: Ball
Matt Altieri steals 2nd base
1-0: Foul Ball, location: 2F
1-1: Foul Ball, location: 2F
1-2: Ground out 5-3 (Groundball, 56, EV 87.5 MPH)
Bottom of the 8th over - 0 runs, 0 hits, 0 errors, 1 left on base; San Francisco (APP) 3 - Miami (APP) 9
TOP OF THE 9TH
San Francisco (APP) Giants batting - Pitching for Miami (APP) Marlins : RHP Tim Mills
Batting: RHB Gregorio Contreras 0-0: Ball
1-0: Ground out 6-3 (Groundball, 6, EV 83.8 MPH)
Batting: RHB Luis Andrade 0-0: Ball
1-0: Ball
2-0: Foul Ball, location: 2F
2-1: Foul Ball, location: 2F
2-2: Strikes out looking
Batting: RHB Steve Crandall 0-0: Ball
1-0: Foul Ball, location: 2F
1-1: Fly out, F8 (Line Drive, 8RD, EV 90.0 MPH)
Top of the 9th over - 0 runs, 0 hits, 0 errors, 0 left on base; San Francisco (APP) 3 - Miami (APP) 9
Tuesday, March 28th , 2023 - OOTP Baseball 23.10 Build 110